Map: 凯罗斯中转站-天梯版

Players

Replicant

  • Race: Terran Terran
  • League: Gold

MaNa - Winner!

  • Race: Protoss Protoss
  • League: Master

Event: WESG 2018 Grand Finals

VOD

Have the link to the VOD?

Description

Time

  • Played on: March 11, 2019, 4:49 a.m.
  • Length: 8:33

All games in this series

Show
View Real Time Build Order
Export as new Build Order

Replicant Terran 

Build Orders: Cyclone Opening, Gas First Reaper Expand 

Get SALT Encoding   

  12  0:00  SCV  
  13  0:13  SCV  
  14  0:18  Supply Depot  
  14  0:25  SCV  
  15  0:28  Refinery  
  15  0:40  SCV  
  16  0:45  Barracks  
  16  0:52  SCV  
  17  1:04  SCV  
  18  1:16  SCV  
  19  1:35  Orbital Command  
  19  1:36  Reaper  
  20  1:48  Command Center  
  20  2:00  Factory  
  21  2:01  SCV  
  21  2:08  Barracks Tech Lab  
  21  2:13  SCV  
  22  2:18  Supply Depot  
  22  2:22  Refinery  
  22  2:25  SCV  
  23  2:39  SCV  
  23  2:40  Barracks Reactor  
  24  2:51  Cyclone  
  27  2:52  SCV  
  28  3:02  Orbital Command  
  28  3:05  SCV  
  28  3:10  Starport  
  28  3:17  Marine, SCV  
  28  3:18  Marine  
  31  3:28  SCV  
  31  3:29  SCV  
  33  3:37  Marine x2  
  33  3:40  SCV  
  33  3:41  SCV  
  37  3:43  Supply Depot  
  37  3:46  Factory Tech Lab  
  36  3:48  Barracks  
  36  3:52  SCV  
  36  3:53  SCV  
  36  3:54  Raven  
  36  3:55  Marine  
  41  4:04  SCV  
  41  4:05  Marine, SCV  
  41  4:07  Supply Depot  
  44  4:13  Engineering Bay, Marine  
  45  4:19  SCV x2  
  45  4:21  Refinery  
  45  4:22  Marine  
  48  4:26  Siege Tank  
  48  4:30  Supply Depot  
  48  4:31  Marine, SCV x2  
  54  4:43  Barracks  
  54  4:44  SCV  
  55  4:49  Marine  
  55  4:50  Terran Infantry Weapons Level 1  
  55  4:52  Starport Reactor, SCV  
  57  4:53  Supply Depot  
  57  4:56  SCV  
  58  5:02  Marine x2  
  58  5:04  SCV  
  58  5:06  Stimpack  
  61  5:07  Marine  
  61  5:08  SCV  
  63  5:16  SCV  
  63  5:17  Supply Depot  
  63  5:20  Siege Tank, SCV  
  68  5:21  Marine  
  68  5:22  Marine  
  68  5:27  Marauder  
  72  5:32  Command Center  
  72  5:37  Marine  
  72  5:39  Marine x2  
  72  5:40  SCV x2  
  77  5:45  Supply Depot  
  77  5:50  Medivac x2  
  81  5:57  Marine x2  
  81  6:01  Refinery  
  81  6:02  Barracks x2  
  83  6:05  Factory Reactor  
  83  6:06  Marine x2  
  85  6:13  Combat Shield  
  85  6:19  Supply Depot  
  85  6:22  SCV x2  
  85  6:25  Marauder x2, Marine x2  
  93  6:34  Medivac  
  93  6:39  Medivac  
  94  6:41  Supply Depot  
  94  6:45  Orbital Command  
  94  6:47  Marine, Supply Depot  
  94  6:48  Marauder x2, Marine  
  101  6:56  Widow Mine  
  101  6:57  Widow Mine  
  101  6:58  Barracks Reactor, Barracks Tech Lab  
  104  7:03  Supply Depot, SCV x2  
  104  7:05  Marine x2  
  108  7:09  Marauder, Marine  
  102  7:23  Marine x2  
  102  7:24  Orbital Command, SCV x2  
  102  7:27  Marauder  
  102  7:28  Marine  
  93  7:31  Marauder  
  93  7:36  SCV x2  
  74  7:38  Widow Mine x2  
  71  7:47  Marauder, Marine  
  71  7:48  SCV  
  71  7:49  Marauder, SCV  
  70  7:52  Marauder  
  58  8:01  SCV  
  58  8:03  SCV x2  
  50  8:06  Marine  
  50  8:07  Marine  
  50  8:08  Marauder  
  50  8:10  Marauder  
  47  8:13  SCV  
Show
View Real Time Build Order
Export as new Build Order

MaNa Protoss - Winner!

Build Orders: 1 Gate Expand, Zealot Archon 

Get SALT Encoding   

  12  0:00  Probe  
  13  0:12  Probe  
  14  0:17  Pylon  
  14  0:24  Probe  
  15  0:32  Probe  
  15  0:38  Gateway  
  15  0:40  Probe  
  16  0:46  Assimilator  
  17  0:51  Probe  
  18  1:03  Probe  
  19  1:15  Probe  
  20  1:24  Nexus  
  20  1:34  Cybernetics Core  
  20  1:37  Probe  
  21  1:42  Assimilator  
  21  1:49  Probe  
  22  1:54  Pylon  
  22  2:01  Probe  
  23  2:02  Adept  
  23  2:13  Probe  
  26  2:17  Warp Gate  
  26  2:22  Stalker  
  26  2:25  Probe  
  26  2:26  Robotics Facility  
  27  2:36  Probe  
  30  2:38  Probe  
  31  2:48  Probe  
  31  2:50  Probe  
  33  2:55  Pylon  
  33  3:00  Probe  
  33  3:02  Probe  
  33  3:03  Stalker  
  37  3:12  Probe  
  38  3:14  Probe  
  38  3:16  Observer  
  40  3:24  Probe  
  40  3:26  Probe  
  42  3:33  Probe  
  40  3:35  Probe  
  40  3:38  Gateway  
  40  3:40  Gateway  
  42  3:41  Probe, Assimilator  
  42  3:43  Probe  
  42  3:44  Assimilator  
  44  3:50  Warp Prism  
  44  3:51  Probe  
  44  3:53  Probe  
  48  3:58  Pylon  
  48  3:59  Probe  
  48  4:05  Probe  
  48  4:08  Twilight Council  
  48  4:09  Probe  
  50  4:11  Forge  
  51  4:17  Probe  
  51  4:20  Probe  
  53  4:25  Observer  
  53  4:26  Pylon  
  53  4:28  Protoss Ground Armor Level 1  
  53  4:29  Probe  
  54  4:32  Sentry, Probe, Zealot  
  54  4:38  Pylon, Charge  
  59  4:41  Probe  
  59  4:44  Probe, Templar Archives  
  61  4:53  Probe  
  61  4:58  Stalker  
  64  5:02  Probe  
  64  5:05  Probe  
  66  5:07  Pylon  
  66  5:08  Observer  
  66  5:11  Psionic Storm  
  65  5:25  Nexus  
  65  5:27  High Templar x3  
  71  5:34  Pylon  
  71  5:37  Gateway  
  71  5:38  Gateway  
  71  5:41  Gateway  
  71  5:46  Observer  
  71  5:47  Gateway  
  71  5:56  Immortal  
  75  5:57  Probe x2  
  77  6:04  Zealot x2  
  77  6:05  Zealot  
  77  6:10  Probe x2  
  85  6:15  Protoss Ground Armor Level 2  
  83  6:20  Observer  
  83  6:24  Observer  
  83  6:26  Pylon  
  83  6:27  Pylon  
  83  6:28  Sentry x2  
  83  6:29  Zealot  
  88  6:32  Probe  
  88  6:33  Probe  
  88  6:37  Probe  
  90  6:42  High Templar  
  90  6:43  High Templar, Zealot x2  
  98  6:49  Immortal  
  98  6:58  Zealot x3  
  98  7:00  Probe x3  
  110  7:08  Pylon  
  110  7:09  Pylon  
  110  7:18  Zealot x6  
  99  7:39  Zealot  
  99  7:40  Zealot x6  
  99  7:43  Archon  
  111  7:45  Probe  
  110  8:02  Zealot x6  
  110  8:03  Zealot  
Tags
 
Add a new tag
Caveats
  • Supply blocks, unpowered buildings, or Contaminate may cause inaccurate times.
  • Supply counts are checked every 10 seconds.